 Dungeon Crawl Stone Soup version 0.28-a0-95-g65e1ffefe4 (webtiles) character file.

Game seed: 15127395823638555732

119 Anathary the Covered (level 5, -8/41 HPs)
             Began as a Human Fighter on Aug 8, 2021.
             Killed from afar by a steam dragon (9 damage)
             ... with a ball of steam
             ... on level 5 of the Dungeon.
             The game lasted 00:05:33 (2372 turns).

Anathary the Covered (Human Fighter)                Turns: 2372, Time: 00:05:34

Health: -8/41      AC:  8    Str: 17    XL:     5   Next: 24%
Magic:  5/5        EV:  7    Int:  9    God:
Gold:   108        SH:  9    Dex: 12    Spells: 4/4 levels left

rFire   . . .      SeeInvis .   a - +0 war axe
rCold   . . .      Faith    .   c - +0 kite shield
rNeg    . . .      Spirit   .   b - +0 scale mail
rPois   .          Reflect  .   (no helmet)
rElec   .          Harm     .   g - +0 cloak
rCorr   .          Rampage  .   (no gloves)
Will    .....                   (no boots)
Stlth   ..........              (no amulet)
HPRegen 0.13/turn               (no ring)
MPRegen 0.09/turn               (no ring)

@: no status effects
A: no striking features
a: no special abilities


You were on level 5 of the Dungeon.
You visited 1 branch of the dungeon, and saw 4 of its levels.

You collected 108 gold pieces.

Inventory:

Hand Weapons
 a - a +0 war axe (weapon)
Armour
 b - a +0 scale mail (worn)
 c - a +0 kite shield (worn)
 g - a +0 cloak (worn)
Wands
 k - a wand of polymorph (8)
Scrolls
 e - a scroll of identify {unknown}
 h - a scroll of immolation {unknown}
 i - a scroll of noise {unknown}
 j - 2 scrolls of magic mapping {unknown}
Potions
 d - a potion of might
 f - a potion of heal wounds {unknown}


   Skills:
 + Level 3.3 Fighting
 + Level 3.4 Axes
 + Level 3.7 Armour
 + Level 3.7 Shields


You had 4 spell levels left.
You didn't know any spells.
Your spell library was empty.

Dungeon Overview and Level Annotations

Branches:
Dungeon (3/15)

Altars:

Shops:
D:2 :


Message History

The howler monkey barely misses you.
The howler monkey hoots and howls with incredible vigour!
You hear a shout!
You hear an angry hiss.
You hit the howler monkey.
The howler monkey is severely wounded.
The howler monkey hits you but does no damage.
The howler monkey hits you.
You hit the howler monkey.
The howler monkey is almost dead.
The howler monkey barely misses you.
The howler monkey hoots and howls with incredible vigour!
You hit the howler monkey.
You kill the howler monkey!
You have reached level 5!
You see here a howler monkey corpse.
A steam dragon comes into view.
The steam dragon hisses angrily.
The steam dragon breathes steam at you. The ball of steam hits you!
The steam dragon moves out of view.
Found a leather armour.
You are engulfed in a cloud of scalding steam.
You slash the steam dragon!
The steam dragon is moderately wounded.
You block the steam dragon's attack.
The steam dragon claws you but does no damage.
You hit the steam dragon but do no damage.
The steam dragon is moderately wounded.
The steam dragon bites you. You block the steam dragon's attack.
The steam dragon bites you!
* * * LOW HITPOINT WARNING * * *
The steam dragon claws you but does no damage.
You hit the steam dragon but do no damage.
The steam dragon is moderately wounded.
The steam dragon bites you.
* * * LOW HITPOINT WARNING * * *
The steam dragon claws you.
* * * LOW HITPOINT WARNING * * *
The steam dragon breathes steam at you. The ball of steam hits you!
You die...

#############
#...........#
#@#########.# #D#
#.######
...[.....ยงยง...#
#.......
.....#####.##.#
#######. .### ..
#. ..# #. .# #. #
## # ###


You could see a steam dragon (catching breath).

Vanquished Creatures
  A howler monkey (D:5)
  3 adders (D:2)
  2 worms
  2 dart slugs
  6 endoplasms
  2 giant cockroaches
  4 goblins
  4 hobgoblins
  4 jackals (D:3)
  3 quokkas
  3 ball pythons
  4 bats (D:1)
  5 frilled lizards
  2 kobolds
  4 rats
49 creatures vanquished.

Notes
Turn   | Place    | Note
-------+----------+-------------------------------------------
     0 | D:1      | Anathary the Human Fighter began the quest for the Orb.
     0 | D:1      | Reached XP level 1. HP: 18/18 MP: 1/1
   162 | D:1      | Reached XP level 2. HP: 24/24 MP: 2/2
   788 | D:1      | Reached XP level 3. HP: 23/29 MP: 3/3
  1342 | D:2      | Reached XP level 4. HP: 11/35 MP: 4/4
  1610 | D:2      | You fall into a shaft and drop 1 floor!
  1951 | D:2      | Found Kyexzedgh's Book Shoppe.
  2305 | D:3      | You fall into a shaft and drop 2 floors!
  2305 | D:5      | Entered Level 5 of the Dungeon
  2330 | D:5      | Reached XP level 5. HP: 40/41 MP: 5/5
  2366 | D:5      | Noticed a steam dragon
  2372 | D:5      | HP: 1/41 [steam dragon (5)]
  2372 | D:5      | Killed from afar by a steam dragon

Illustrated notes

Levels and vault maps discovered:
D:1:      dpeg_arrival_rooms_a, layout_loops_ring
D:2:      layout_rooms, serial_shops, shop
D:3:      layout_basic
D:5:      layout_loops_ring, lightli_temple_of_fire

Skill      XL: |  1  2  3  4 |
---------------+-------------+-----
Axes           | 3 |  3.4
Fighting       | |  3.3
Armour         | |  3.7
Shields        | |  3.7

Action                   |  1- 3 |  4- 6 || total
-------------------------+-------+-------++-------
Melee: War axe           |   103 |    67 ||   170
Armor: Scale mail        |    64 |    35 ||    99
Dodge: Dodged            |    34 |    21 ||    55
Block: Kite shield       |    73 |    40 ||   113

Table legend: (Time is in decaauts)
 A = Elapsed time spent in this place.
 B = Non-inter-level travel time spent in this place.
 C = Inter-level travel time spent in this place.
 D = Time resting spent in this place.
 E = Time spent auto-exploring this place.
 F = Levels seen in this place.
 G = Mean time per level.
                   A        B        C        D        E       F      G
               +--------+--------+--------+--------+--------+-----+--------+
         Total |   2475 |   2378 |     97 |    495 |   1270 |   4 |  618.8 |
       Dungeon |   2475 |   2378 |     97 |    495 |   1270 |   4 |  618.8 |
               +--------+--------+--------+--------+--------+-----+--------+

Top non-repeatable levels by time:
     D:1: 1283 daAuts
     D:2: 842 daAuts
     D:3: 278 daAuts
     D:5: 70 daAuts
